 Dungeon Crawl Stone Soup version 0.21.1-1-g345015fe64 (webtiles) character file.

792 KleinerIrrer the Chopper (level 7, -2/44 HPs)
             Began as a Gargoyle Fighter on Apr 4, 2018.
             Slain by an orc warrior
             ... wielding a +2 war axe of electrocution
              (19 damage)
             ... on level 6 of the Dungeon.
             The game lasted 00:01:09 (4487 turns).

KleinerIrrer the Chopper (Gargoyle Fighter)         Turns: 4487, Time: 00:01:10

Health: -2/44      AC: 15    Str: 22    XL:     7   Next: 88%
Magic:  7/7        EV:  6    Int:  8    God:
Gold:   367        SH:  9    Dex:  9    Spells: 6/6 levels left

rFire    . . .     SeeInvis .   Y - +1 war axe
rCold    . . .     Gourm    .   c - +0 shield
rNeg     + . .     Faith    .   g - +0 chain mail
rPois    ∞         Spirit   .   l - +0 helmet
rElec    +         Reflect  .   (no cloak)
rCorr    .         Harm     .   (no gloves)
MR       .....                  (no boots)
Stlth    ..........             (no amulet)
HPRegen  0.14/turn              (no ring)
MPRegen  0.10/turn              (no ring)

@: no status effects
A: negative energy resistance 1, electricity resistance, unbreathing,
petrification resistance, rot immunity, AC +4
a: no special abilities


You were on level 6 of the Dungeon.
You were not hungry.

You visited 2 branches of the dungeon, and saw 7 of its levels.

You collected 367 gold pieces.


Innate Abilities, Weirdness & Mutations

You are resistant to torment.
Your stone body is resilient. (AC +4)
You are immune to poison.
You resist negative energy. (rN+)
You are resistant to electric shocks. (rElec)
You can survive without breathing.
You are immune to petrification.
You are immune to rotting.


   Skills:
 - Level 5.3 Fighting
 + Level 7.0 Axes
 - Level 3.2 Armour
 - Level 1.1 Dodging
 - Level 3.2 Shields


You had 6 spell levels left.
You didn't know any spells.

Inventory:

Hand Weapons
 h - a +0 morningstar
 Y - a +1 war axe (weapon)
Missiles
 a - 6 tomahawks (quivered)
 i - 3 tomahawks of returning
Armour
 c - a +0 shield (worn)
 g - a +0 chain mail (worn)
 l - a +0 helmet (worn)
 s - a +0 pair of boots
Wands
 r - a wand of clouds (5)
Scrolls
 b - 2 scrolls of remove curse {unknown}
 f - 6 scrolls of teleportation
 n - 2 scrolls of identify
Potions
 d - 2 potions of might
 j - 2 potions of curing
 k - a potion of agility {unknown}
 m - a potion of lignification {unknown}
 o - a potion of heal wounds
 p - a potion of cancellation {unknown}
Comestibles
 e - 14 rations
 q - 11 chunks of flesh

Dungeon Overview and Level Annotations

Branches:
Dungeon (6/15)             Temple (1/1) D:5

Altars:
Ashenzari
Cheibriados
Dithmenos
Elyvilon
Fedhas
Hepliaklqana
Kikubaaqudgha
Makhleb
Nemelex Xobeh
Qazlal
Ru
Sif Muna
Trog
Uskayaw
Vehumet
Wu Jian
Xom
Yredelemnul
The Shining One


Message History

The orc wizard is healed somewhat.
An orc comes into view. It is wielding a flail.
You hit the orc wizard but do no damage.
The orc wizard is moderately wounded.
You closely miss the orc priest.
Your chain mail prevents you from hitting the orc warrior.
You closely miss the orc.
The orc wizard hits you but does no damage.
The orc hits you but does no damage. You block the orc warrior's attack.
The orc priest calls down the wrath of Beogh upon you.
You struggle to resist.
The orc priest hits you but does no damage.
The orc wizard hits you but does no damage.
You slash the orc wizard!
The orc wizard is almost dead.
You slash the orc priest! You closely miss the orc warrior. You slash the orc!
You kill the orc!
The orc wizard hits you but does no damage.
The orc warrior hits you with a war axe of electrocution!!
You die...

########
############......#
##o...J.............
#.h@#########.#####.
#.#o.o# #.# ##
.....o..# #.#
..o........ #.#
#h#.##..#?#.# #(# #
## #....#.# #.#
...#.# . #.. ...#..
. ###


You could see an orc warrior, a jelly, 2 orc priests, an orc wizard, an orc and
2 jackals.

Vanquished Creatures
  A sky beast (D:3)
  A hornet zombie (D:6)
  A bullfrog (D:6)
  A scorpion (D:4)
  A howler monkey (D:6)
  A hound (D:6)
  An orc priest (D:3)
  3 orc wizards
  3 worker ants
  3 gnolls (D:5)
  9 adders
  An ooze (D:3)
  A worm (D:2)
  3 dart slugs
  4 leopard geckos
  24 orcs
  4 bats
  2 giant cockroaches
  2 goblins (D:3)
  6 hobgoblins
  10 jackals
  5 quokkas
  3 frilled lizards
  A jackal skeleton (D:5)
  8 kobolds
  A quokka skeleton (D:4)
  5 rats
105 creatures vanquished.

Notes
Turn   | Place    | Note
-------+----------+-------------------------------------------
     0 | D:1      | KleinerIrrer the Gargoyle Fighter began the quest for the Orb.
     0 | D:1      | Reached XP level 1. HP: 14/14 MP: 1/1
     0 | D:1      | 0 ||| counter = 55
   173 | D:1      | Reached skill level 2 in Axes
   508 | D:1      | Reached XP level 2. HP: 19/19 MP: 2/2
   582 | D:1      | 582 ||| UPGRADING to helmet.
   587 | D:1      | 587 ||| READING scroll labeled KOTOFIPLYA.
   590 | D:1      | 590 ||| READING scroll labeled KOLYNLOPPES.
   591 | D:1      | 591 ||| READING 2 scrolls labeled BOIWKA DASCH.
   592 | D:1      | 592 ||| DRINKING 2 red potions.
   593 | D:1      | 593 ||| DROPPING potion of magic.
   678 | D:2      | Reached skill level 3 in Axes
   738 | D:2      | Reached XP level 3. HP: 21/23 MP: 3/3
   778 | D:2      | Found a sparkling altar of Nemelex Xobeh.
  1287 | D:2      | Reached XP level 4. HP: 28/28 MP: 4/4
  1301 | D:2      | 1301 ||| READING scroll labeled PEOTTI ZATARA.
  1302 | D:2      | 1302 ||| READING scroll labeled YPSALATSOZ.
  1303 | D:2      | 1303 ||| DRINKING 2 lumpy green potions.
  1359 | D:3      | Noticed a sky beast
  1365 | D:3      | Reached skill level 4 in Axes
  1382 | D:3      | Killed a sky beast
  1382 | D:3      | Reached skill level 5 in Axes
  1382 | D:3      | Reached XP level 5. HP: 14/32 MP: 5/5
  1751 | D:3      | 1751 ||| DROPPING whip.
  1759 | D:3      | Found a stormy altar of Qazlal.
  1812 | D:3      | Reached skill level 1 in Dodging
  1812 | D:3      | Reached XP level 6. HP: 26/38 MP: 6/6
  2283 | D:3      | Found a faded altar of an unknown god.
  2358 | D:3      | 2358 ||| UPGRADING to chain mail.
  2368 | D:3      | 2368 ||| DROPPING +0 scale mail.
  2369 | D:3      | 2369 ||| READING scroll labeled YVIASAI HOSKET.
  2370 | D:3      | 2370 ||| DRINKING 2 orange potions.
  2371 | D:3      | 2371 ||| DRINKING 2 bubbling brown potions.
  2410 | D:3      | 2410 ||| READING 2 scrolls of identify.
  2410 | D:3      | 2410 ||| IDENTIFYING fuming dark potion
  2411 | D:3      | 2411 ||| DROPPING potion of invisibility.
  2412 | D:3      | 2412 ||| DROPPING potion of berserk rage.
  2418 | D:4      | 2418 ||| STAIRDANCE
  2428 | D:4      | 2428 ||| STAIRDANCE
  2437 | D:3      | 2437 ||| DROPPING flail.
  2441 | D:4      | 2441 ||| STAIRDANCE
  2496 | D:4      | 2496 ||| STAIRDANCE
  2510 | D:4      | 2510 ||| STAIRDANCE
  2654 | D:4      | 2654 ||| STAIRDANCE
  2708 | D:4      | Reached skill level 6 in Axes
  2864 | D:4      | Found an ornate altar of the Wu Jian Council.
  3062 | D:4      | Reached XP level 7. HP: 43/43 MP: 7/7
  3255 | D:5      | Entered Level 5 of the Dungeon
  3636 | D:5      | Found a staircase to the Ecumenical Temple.
  3661 | Temple   | Entered the Ecumenical Temple
  3662 | Temple   | 3662 ||| Entered T.
  3832 | D:5      | 3832 ||| EATING 12 rations.
  4391 | D:6      | Reached skill level 7 in Axes
  4487 | D:6      | Slain by an orc warrior

Vault maps used:
D:1:      minmay_arrival_shattered_statue
D:2:      nemelex_xobeh_ov_fountains_minmay
D:3:      grunt_qazlal_clouds, chequers_ecumenical_altar_simple
D:4:      kennysheep_mini, first_ration
D:5:      minmay_temple_entry_statues
D:6:      gammafunk_temple_overflow_statue, marbit_many_paths,
          chequers_ossuary_entry_cave, serial_shops, nicolae_shop_behind_doors,
          due_unseen_surprise
Temple:   lightli_temple_of_artemis

Skill      XL: |  1  2  3  4  5  6  7 |
---------------+----------------------+-----
Axes           | 2 3 5 6 7 |  7.0
Fighting       | 4 5 |  5.3
Dodging        | 1 |  1.1
Armour         | |  3.2
Shields        | |  3.2

Action                   |  1- 3 |  4- 6 |  7- 9 || total
-------------------------+-------+-------+-------++-------
Melee: War axe           |    92 |   214 |   106 ||   412
Throw: Tomahawk          |    12 |    33 |    32 ||    77
  Use: Scroll            |     3 |     4 |       ||     7
       Potion            |     1 |     3 |       ||     4
  Eat: Chunk             |     1 |     6 |     2 ||     9
       Ration            |       |       |     1 ||     1
Armor: Scale mail        |    61 |    78 |       ||   139
       Chain mail        |       |    50 |    50 ||   100
Dodge: Dodged            |    22 |    60 |    31 ||   113
Block: Shield            |    39 |    91 |    54 ||   184

Table legend:
 A = Spawn XP
 B = Non-spawn XP
 C = Spawn XP percentage of total XP
 D = Spawn monster count
 E = Non-spawn monster count
 F = Spawn count percentage of total count
 G = Total turns spent on level
                    A         B        C        D         E        F      G
               +---------+---------+-------+---------+---------+-------+---------
         Total |       0 |    1132 |   0.0 |       0 |     105 |   0.0 |  4487
               +---------+---------+-------+---------+---------+-------+---------
           D:1 |       0 |      12 |   0.0 |       0 |       9 |   0.0 |   624
           D:2 |       0 |      74 |   0.0 |       0 |      18 |   0.0 |   697
           D:3 |       0 |     351 |   0.0 |       0 |      38 |   0.0 |  1230
           D:4 |       0 |     193 |   0.0 |       0 |      15 |   0.0 |   704
           D:5 |       0 |      79 |   0.0 |       0 |       8 |   0.0 |   733
           D:6 |       0 |     423 |   0.0 |       0 |      17 |   0.0 |   394
               +---------+---------+-------+---------+---------+-------+---------
